 Dungeon Crawl Stone Soup version 0.28-a0-983-g1de4e0787c (webtiles) character file.

Game seed: 13955436648776321081

715 tatocazan the Skirmisher (level 7, 0/55 HPs)
             Began as a Demonspawn Fighter on Dec 2, 2021.
             Was an Initiate of Okawaru.
             Killed by divine providence
             ... invoked by an orc priest
              (10 damage)
             ... on level 3 of the Dungeon.
             The game lasted 00:06:12 (5236 turns).

tatocazan the Skirmisher (Demonspawn Fighter)       Turns: 5236, Time: 00:06:12

Health: 0/55       AC:  9    Str: 18    XL:     7   Next: 41%
Magic:  7/7        EV:  7    Int: 10    God:    Okawaru [......]
Gold:   268        SH: 14    Dex: 12    Spells: 6/6 levels left

rFire   . . .      SeeInvis +   g - +1 hand axe (vamp)
rCold   . . .      Faith    .   l - +0 kite shield
rNeg    . . .      Spirit   .   b - +0 scale mail
rPois   +          Reflect  +   (no helmet)
rElec   .          Harm     .   (no cloak)
rCorr   .          Rampage  .   (no gloves)
Will    .....                   (no boots)
Stlth   ..........              n - amulet of reflection
HPRegen 0.18/turn               e - ring of see invisible
MPRegen 0.10/turn               k - ring of poison resistance

@: no status effects
A: icy blue scales 1, icemail 1, condensation shield, demonic touch 2
a: Renounce Religion


You were on level 3 of the Dungeon.
You worshipped Okawaru.
Okawaru was noncommittal.
You visited 2 branches of the dungeon, and saw 6 of its levels.

You collected 268 gold pieces.

Inventory:

Hand Weapons
 a - a +0 war axe
 g - a +1 vampiric hand axe (weapon)
 u - the +10 quarterstaff "Giann" {vorpal, Dex+3}
   (You found it on level 4 of the Dungeon)

   It inflicts extra damage upon your enemies.
   Dex:       It affects your dexterity (+3).
Missiles
 j - 5 javelins (quivered)
Armour
 b - a +0 scale mail (worn)
 c - a +0 buckler
 l - a +0 kite shield (worn)
Jewellery
 e - a ring of see invisible (left hand)
 h - a ring of protection from fire
 k - a ring of poison resistance (right hand)
 n - an amulet of reflection (around neck)
Wands
 q - a wand of acid (4)
Scrolls
 f - a scroll of fear
 m - 2 scrolls of identify
Potions
 d - a potion of berserk rage {unknown}
 i - 4 potions of curing
 o - a potion of cancellation {unknown}
 p - 2 potions of heal wounds {unknown}
 r - 2 potions of mutation {unknown}
 t - a potion of degeneration {unknown}


   Skills:
 + Level 4.9 Fighting
 * Level 4.5 Axes
 + Level 4.4 Armour
 + Level 4.4 Shields


You had 6 spell levels left.
You didn't know any spells.
Your spell library contained the following spells:

 Spells                   Type           Power      Damage    Failure   Level
 Ensorcelled Hibernation  Hex/Ice        0%         N/A       100%        2
 Scorch                   Fire           0%         2d5       100%        2
 Spider Form              Tmut/Pois      0%         N/A       100%        3
 Flame Wave               Conj/Fire      0%         2d4       100%        4
 Freezing Cloud           Conj/Ice/Air   0%         6-21      100%        5
 Orb of Destruction       Conj           0%         N/A       100%        7
 Polar Vortex             Ice            0%         N/A       100%        9
 Summon Guardian Golem    Hex/Summ       Unusable   N/A       N/A         3
 Simulacrum               Ice/Necr       Unusable   N/A       N/A         6
 Summon Cactus Giant      Summ           Unusable   N/A       N/A         6
 Spellforged Servitor     Conj/Summ      Unusable   N/A       N/A         7

Dungeon Overview and Level Annotations

Branches:
Dungeon (5/15)             Temple (1/1) D:5

Altars:
Cheibriados
Dithmenos
Elyvilon
Fedhas
Gozag
Kikubaaqudgha
Makhleb
Nemelex Xobeh
Okawaru
Ru
Trog
Uskayaw
Vehumet
Wu Jian
Xom
Yredelemnul
Zin
The Shining One


Innate Abilities, Weirdness & Mutations

You are partially covered in icy blue scales. (AC +2)
A meltable icy envelope protects you from harm. (AC +0)
A meltable shield of frost defends you. (SH +0)
Your touch may inflict irresistible damage on your foes.


Message History

The orc wizard hits you with a +0 dagger.
You hit the orc priest.
The orc priest is severely wounded.
You hit the orc wizard but do no damage.
You block the orc priest's attack.
The orc wizard gestures at you while chanting.
You are confused.
The orc priest hits you but does no damage.
The orc priest calls down the wrath of Beogh upon you.
Beogh smites you! The orc wizard barely misses you.
You take 15 damage, and have 17/55 hp.
MASSIVE DAMAGE!!
You're too confused to move!
The orc priest casts a cantrip, but nothing happens.
The orc wizard barely misses you.
You hit the orc priest.
The orc priest is almost dead.
You closely miss the orc wizard.
The orc priest looks satisfied for a moment.
The orc wizard casts a spell at you. The puff of flame hits you.
Your icy defenses dissipate!
* * * LOW HITPOINT WARNING * * *
The orc priest hits you but does no damage.
You take 3 damage, and have 14/55 hp.
The orc priest hits you with a +0 club.
* * * LOW HITPOINT WARNING * * *
You take 2 damage, and have 12/55 hp.
You're too confused to move!
The orc wizard hits you but does no damage.
The orc priest hits you with a +0 club.
* * * LOW HITPOINT WARNING * * *
You take 3 damage, and have 9/55 hp.
You feel less confused. You block the orc wizard's attack.
You hit the orc priest but do no damage.
The orc priest is almost dead.
You hit the orc wizard.
You feel better. You block the orc wizard's attack.
The orc priest mumbles some strange prayers to Beogh against you.
Beogh smites you!
You die...

##### #.... ######### #....
#.......# #.... #.......# #....
#.......# ############ #....
#.......# #..........# #....
#.......# #..........# ##....
#.......######.@........###.....
#...........##oo........#.......
#.......###)..).........[.##)...
####.#### ####..........###.....
#####.#########..........##......
.........................#.o..o.<
#####...######...........o...(...
.................................
............##.#.###.............


You could see an orc priest and an orc wizard.

Vanquished Creatures
  A centaur (D:5)
  2 phantoms
  A crimson imp (D:5)
  A hound (D:5)
  A jelly (D:5)
  2 orc priests
  A bullfrog skeleton (D:5)
  An iguana (D:5)
  2 orc wizards (D:3)
  A scorpion zombie (D:5)
  A hound skeleton (D:4)
  4 gnolls
  6 adders
  An ufetubus (D:4)
  An adder zombie (D:5)
  A worm (D:4)
  5 dart slugs
  15 orcs
  A bat (D:1)
  2 endoplasms
  4 giant cockroaches
  2 goblins
  2 hobgoblins (D:1)
  8 jackals
  A quokka (D:3)
  5 ball pythons
  3 frilled lizards
  4 kobolds
  3 rats
82 creatures vanquished.

Notes
Turn   | Place    | Note
-------+----------+-------------------------------------------
     0 | D:1      | tatocazan the Demonspawn Fighter began the quest for the
                  | Orb.
     0 | D:1      | Reached XP level 1. HP: 18/18 MP: 1/1
    10 | D:1      | Noticed a bullfrog
   189 | D:1      | Gained mutation: A meltable shield of frost defends you.
                  | (SH +0) [demonic ancestry]
   189 | D:1      | Reached XP level 2. HP: 23/24 MP: 2/2
   222 | D:1      | Found a faded altar of an unknown god.
  1113 | D:2      | Gained mutation: You are partially covered in icy blue
                  | scales. (AC +2) [demonic ancestry]
  1113 | D:2      | Reached XP level 3. HP: 29/29 MP: 3/3
  1676 | D:3      | Reached XP level 4. HP: 36/36 MP: 4/4
  2288 | D:3      | Gained mutation: Your touch may inflict minor irresistible
                  | damage on your foes. [demonic ancestry]
  2288 | D:3      | Reached XP level 5. HP: 42/42 MP: 5/5
  3598 | D:4      | Noticed a phantom
  3609 | D:4      | Killed a phantom
  3683 | D:4      | Gained mutation: A meltable icy envelope protects you from
                  | harm. (AC +0) [demonic ancestry]
  3683 | D:4      | Reached XP level 6. HP: 46/48 MP: 6/6
  4115 | D:4      | Identified the +10 quarterstaff "Giann" {vorpal, Dex+3}
  4133 | D:5      | Entered Level 5 of the Dungeon
  4137 | D:5      | Found a staircase to the Ecumenical Temple.
  4316 | Temple   | Entered the Ecumenical Temple
  4449 | Temple   | Became a worshipper of Warmaster Okawaru
  4658 | D:5      | Found a burning altar of Makhleb.
  4658 | D:5      | Found a shimmering altar of Xom.
  4676 | D:5      | Gained mutation: Your touch may inflict irresistible damage
                  | on your foes. [demonic ancestry]
  4676 | D:5      | Reached XP level 7. HP: 51/55 MP: 7/7
  5236 | D:3      | Killed from afar by an orc priest

Illustrated notes

Levels and vault maps discovered:
D:1:      evilmike_arrival_come_back, layout_basic,
          hellmonk_ecumenical_altar_inner_sanctum
D:2:      layout_rooms, minmay_misc_feat_rows
D:3:      layout_rooms
D:4:      layout_basic
D:5:      layout_cave_pools, grunt_temple_overflow_champion_of_chaos,
          minmay_temple_entry_glass
Temple:   nicolae_temple_elliptical

Skill      XL: |  1  2  3  4  5  6 |
---------------+-------------------+-----
Axes           | 2 3 4 |  4.5
Armour         | 3 4 |  4.4
Shields        | 3 4 |  4.4
Fighting       | 4 |  4.9

Action                   |  1- 3 |  4- 6 |  7- 9 || total
-------------------------+-------+-------+-------++-------
Melee: War axe           |    96 |   130 |       ||   226
       Hand axe          |       |    35 |   127 ||   162
Throw: Javelin           |       |     3 |       ||     3
  Use: Potion            |       |     1 |       ||     1
       Scroll            |       |     6 |       ||     6
Armor: Scale mail        |    38 |    70 |    29 ||   137
Dodge: Dodged            |    44 |    48 |    22 ||   114
Block: Buckler           |    19 |       |       ||    19
       Kite shield       |    41 |   209 |   107 ||   357
       Reflection        |     1 |     5 |       ||     6

Table legend: (Time is in decaauts)
 A = Elapsed time spent in this place.
 B = Non-inter-level travel time spent in this place.
 C = Inter-level travel time spent in this place.
 D = Time resting spent in this place.
 E = Time spent auto-exploring this place.
 F = Levels seen in this place.
 G = Mean time per level.
                   A        B        C        D        E       F      G
               +--------+--------+--------+--------+--------+-----+--------+
         Total |   5416 |   5143 |    273 |   1662 |   2425 |   6 |  902.7 |
       Dungeon |   5259 |   5008 |    251 |   1662 |   2312 |   5 | 1051.8 |
        Temple |    156 |    134 |     22 |      0 |    113 |   1 |  156.0 |
               +--------+--------+--------+--------+--------+-----+--------+

Top non-repeatable levels by time:
     D:2: 1816 daAuts
     D:1: 1101 daAuts
     D:5: 897 daAuts
     D:3: 767 daAuts
     D:4: 677 daAuts
  Temple: 156 daAuts
